 Dungeon Crawl Stone Soup version 0.19-a0-1071-g4ed3155 (webtiles) character file.

129504 Gagarin the Fencer (level 16, -14/114 HPs)
             Began as a High Elf Skald on Aug 5, 2016.
             Was the Champion of the Shining One.
             Demolished by a merfolk
             ... wielding a +0 trident
              (15 damage)
             ... on level 4 of the Shoals.
             The game lasted 03:04:06 (37514 turns).

Gagarin the Fencer (High Elf Skald)                Turns: 37514, Time: 03:04:07

Health: -14/114    AC: 14    Str: 19    XL:     16   Next: 50%
Magic:  20/34      EV: 18    Int: 18    God:    the Shining One [******]
Gold:   555        SH:  4    Dex: 22    Spells: 12 memorised, 11 levels left

rFire  + . .     SeeInvis +     b - +9 triple sword (holy)
rCold  . . .     Gourm    .     V - +2 leather armour {rF+}
rNeg   + + +     Faith    .     (shield currently unavailable)
rPois  +         Spirit   .     y - +0 mask of the Dragon {MR+ Slay+3 SInv}
rElec  .         Dismiss  .     d - +2 cloak {MR+}
rCorr  .         Reflect  +     H - +0 pair of gloves
SustAt .         Harm     .     L - +3 pair of boots of Terror {Dex+3}
MR     +++..                    F - +4 amulet of reflection
Stlth  ++........               W - ring of poison resistance
                                C - ring of Obboy {Str+6 Slay+4 Stlth+}

@: glowing, repel missiles
A: no striking features
a: Divine Shield, Cleansing Flame, Summon Divine Warrior, Brand Weapon With Holy
Wrath, Renounce Religion


You were on level 4 of the Shoals.
You worshipped the Shining One.
The Shining One was exalted by your worship.
You were not hungry.

You visited 4 branches of the dungeon, and saw 27 of its levels.
You also visited: Labyrinth, Sewer and Ice Cave.

You collected 2863 gold pieces.
You spent 2308 gold pieces at shops.

Inventory:

Hand Weapons
 b - a +9 triple sword of holy wrath (weapon)
 x - the +8 dagger "Killer Klown's Bane" {freeze, rC+}
   (You found it in an ice cave)

   It has been specially enchanted to freeze those struck by it, causing extra
   injury to most foes and up to half again as much damage against particularly
   susceptible opponents.
   It can also slow down cold-blooded creatures.
   It protects you from cold.
Armour
 d - a +2 cloak of magic resistance (worn)
 y - the +0 mask of the Dragon (worn) {MR+ Slay+3 SInv}
   (You bought it in a shop on level 2 of the Orcish Mines)

   It affects your accuracy and damage with ranged weapons and melee attacks
   (+3).
   It affects your resistance to hostile enchantments.
   It lets you see invisible.
 H - a +0 pair of gloves (worn)
 L - the +3 pair of boots of Terror (worn) {Dex+3}
   (You bought it in a shop on level 2 of the Orcish Mines)

   It affects your dexterity (+3).
 V - a +2 leather armour of fire resistance (worn)
Magical Staves
 k - an uncursed staff of conjuration
Jewellery
 c - an uncursed ring of stealth {unknown}
 C - the ring of Obboy (left hand) {Str+6 Slay+4 Stlth+}
   (You found it on level 4 of the Dungeon)

   [ring of slaying]

   It affects your strength (+6).
   It affects your accuracy and damage with ranged weapons and melee attacks
   (+4).
   It makes you more stealthy.
 F - a +4 amulet of reflection (around neck)
 W - a ring of poison resistance (right hand)
Wands
 h - a wand of digging (20/24)
 l - a wand of disintegration (12/24)
 O - a wand of teleportation (3/9)
Scrolls
 f - 7 scrolls of magic mapping
 i - 9 scrolls of identify
 n - 11 scrolls of remove curse
 r - a scroll of amnesia
 E - a scroll of blinking
 G - 2 scrolls of fog
 I - 3 scrolls of fear
 M - a scroll of teleportation
Potions
 a - 2 potions of resistance {unknown}
 e - 2 potions of cancellation {unknown}
 g - 6 potions of agility
 j - 4 potions of ambrosia
 o - 6 potions of flight
 p - a potion of berserk rage
 q - 2 potions of magic {unknown}
 u - 3 potions of brilliance
 v - 6 potions of might
 w - 13 potions of curing
 z - 11 potions of lignification
 A - a potion of invisibility {unknown}
 D - 6 potions of haste
 J - a potion of heal wounds
 X - 2 potions of mutation {unknown}
Books
 K - a book of Debilitation

   Spells                             Type                      Level
   a - Corona                         Hexes                        1
   b - Slow                           Hexes                        2
   c - Gell's Gravitas                Hexes/Translocation          3
   d - Inner Flame                    Hexes/Fire                   3
   e - Cause Fear                     Hexes                        4
   f - Leda's Liquefaction            Hexes/Earth                  4
Miscellaneous
 m - a lamp of fire
 Y - a fan of gales
Comestibles
 s - 6 bread rations
 B - 3 fruits
 P - a meat ration
 Z - 8 slices of pizza


   Skills:
 + Level 11.9 Fighting
 + Level 0.2(11.3) Short Blades
 + Level 16.7 Long Blades
 + Level 5.5 Armour
 + Level 12.6 Dodging
 - Level 4.7 Stealth
   Level 3.4 Shields
 + Level 13.3 Spellcasting
 + Level 4.3 Conjurations
 + Level 4.1 Hexes
 + Level 11.6 Charms
 + Level 7.0 Translocations
 + Level 4.5 Fire Magic
 + Level 0.6 Ice Magic
 * Level 7.4 Invocations


You had 11 spell levels left.
You knew the following spells:

 Your Spells              Type           Power        Failure   Level  Hunger
a - Infusion              Chrm           ####         1%          1    None
b - Shroud of Golubria    Chrm/Tloc      #####.....   1%          2    None
c - Spectral Weapon       Hex/Chrm       #####...     1%          3    None
d - Song of Slaying       Chrm           ######..     1%          2    None
e - Flame Tongue          Conj/Fire      ####.        1%          1    None
f - Conjure Flame         Conj/Fire      ####....     3%          3    None
g - Throw Flame           Conj/Fire      ####..       1%          2    None
h - Sticky Flame          Conj/Fire      ####....     12%         4    #......
i - Repel Missiles        Chrm/Air       ####..       1%          2    None
j - Haste                 Chrm           ######..     12%         6    ######.
k - Ozocubu's Armour      Chrm/Ice       ####....     1%          3    None
l - Corona                Hex            ####...      1%          1    None


Dungeon Overview and Level Annotations

Branches:
Dungeon (15/15)            Temple (0/1) D:7            Lair (6/6) D:10
 Shoals (4/4) Lair:2       Spider (0/4) Lair:3        Slime (0/5) Lair:5
    Orc (2/2) D:9             Elf (0/3) Orc:2        Vaults (0/5) D:14
 Depths (0/5) D:15

Altars:
Ashenzari
Cheibriados
Elyvilon
Fedhas
Gozag
Hepliaklqana
Kikubaaqudgha
Makhleb
Qazlal
Ru
Uskayaw
Vehumet
Zin
The Shining One
Jiyva

Shops:
D:5 }   D:6 [   D:8 (   D:14 !   Orc:2 [:!*


Message History

The merfolk closely misses you.
A merfolk and a siren come into view.
Casting: Throw Flame
Confirm with . or Enter, or press ? or * to list all spells.
Space distorts slightly along a thin shroud covering your body.
The merfolk throws a tomahawk.
The tomahawk is repelled.
Your shroud bends the snapping turtle's attack away!!
The snapping turtle bites you!!
* * * LOW HITPOINT WARNING * * *
Your shroud falls apart!
A siren comes into view. It is wielding a spear.
The merfolk misses you.
The snapping turtle completely misses you.
There is a stone staircase leading up, spattered with blood here.
The merfolk throws a tomahawk.
The tomahawk misses you.
You hear a splash.
The snapping turtle bites you from afar!
* * * LOW HITPOINT WARNING * * *
The merfolk hits you from afar with a trident!
You die...

≈≈≈............
≈≈.............
≈..m.........#
≈...........#
..........≈#
..........#
.......mm.#
.......(††#
........@(#
≈..#..t).≈# #
##.....#
..#(..m..
≈.m.##.....#
#.#. #....... .
.≈ #........ .#
#........


You could see a snapping turtle, 3 merfolk, 2 sirens and a friendly spectral
triple sword of holy wrath.

Vanquished Creatures
  Rupert (Orc:2)
  Gastronok (Lair:3)
  Louise (Shoals:1)
  Nessos (D:12)
  Azrael (D:12)
  Snorg (D:12)
  3 merfolk impalers
  A minotaur (Lab)
  Erolcha (D:9)
  An ice dragon (Lair:5)
  A rakshasa (D:15)
  2 hydras (Lair:6)
  3 death knights
  A catoblepas (Shoals:1)
  A merfolk aquamancer (Shoals:4)
  4 centaur warriors
  2 tengu warriors (D:15)
  2 dancing weapons (D:14)
  5 death yaks
  3 merfolk avatars
  Urug (Lair:5)
  An orc high priest (Orc:2)
  Nergalle (Orc:1)
  5 skeletal warriors (D:15)
  5 sea snakes
  2 unseen horrors
  2 orc knights
  17 harpies
  10 hill giants
  A necromancer (D:15)
  3 deep elf magi
  3 fauns (Shoals:1)
  6 griffons
  A phantasmal warrior (D:15)
  3 ugly things
  6 orc sorcerers
  A stone giant zombie (D:15)
  11 cyclopes
  6 manticores
  Maurice (Orc:2)
  Joseph (D:7)
  3 sirens
  4 centaur zombies
  4 water nymphs
  3 black mambas
  The ghost of Fenrir042 the Conjurer, a novice GrWz of Vehumet (D:6)
  3 ice statues (IceCv)
  A spriggan zombie (D:15)
  Psyche (D:12)
  2 gargoyles
  3 rime drakes
  13 spiny frogs
  4 yaktaurs (D:15)
  An efreet (D:15)
  A freezing wraith (D:14)
  6 komodo dragons
  3 polar bears
  18 merfolk
  6 trolls
  2 two-headed ogres (D:8)
  A wind drake (Shoals:1)
  Prince Ribbit (D:9)
  6 snapping turtles
  31 blink frogs
  An ice dragon zombie (D:15)
  An ice dragon skeleton (D:15)
  A redback (Lair:3)
  16 spriggans
  2 water elementals
  9 basilisks
  2 vampires
  2 fire elementals (D:12)
  A human (D:9)
  A wraith (D:13)
  45 yaks
  2 wyverns
  11 hippogriffs
  A steam dragon (Lair:6)
  3 vampire mosquitoes (D:13)
  Menkaure (D:7)
  2 wargs (Orc:2)
  2 mottled dragons
  A soldier ant (D:15)
  20 water moccasins
  9 porcupines
  Duvessa (D:7)
  5 hell hounds (D:12)
  23 orc warriors
  2 sky beasts
  4 wasps
  6 black bears
  3 boggarts (Lair:6)
  10 ice beasts
  13 ogres
  35 wolves
  12 centaurs
  13 crocodiles
  3 big kobolds
  A wyvern zombie (D:8)
  A gnoll sergeant (D:9)
  26 giant frogs
  Dowan (D:7)
  A water moccasin zombie (D:6)
  4 scorpions
  12 wights
  5 killer bees (D:7)
  3 howler monkeys
  4 electric eels
  17 crimson imps
  A giant frog zombie (D:12)
  23 orc priests
  7 hounds
  A jelly (D:8)
  29 orc wizards
  Crazy Yiuf (D:2)
  4 centaur skeletons
  6 giant frog skeletons
  Ijyb (D:2)
  Natasha (D:2)
  13 iguanas
  7 worker ants
  46 sheep
  2 hound zombies
  3 hound skeletons
  A howler monkey zombie (D:3)
  5 gnolls (D:9)
  15 adders
  41 river rats
  6 shadow imps
  3 oozes
  3 adder skeletons
  4 worms
  6 dart slugs
  8 giant geckos
  94 orcs
  6 ball pythons
  7 giant cockroaches
  10 hobgoblins
  19 jackals
  26 kobolds
  6 quokkas
  21 bats
  6 giant newts
  10 goblins
  A quokka zombie (D:5)
  29 rats
  A fungus (Lair:1)
  3 plants
  A withered plant (Shoals:1)
1056 creatures vanquished.

Vanquished Creatures (others)
  2 sea snakes (Shoals:3)
  A snapping turtle (Shoals:3)
  A centaur (D:10)
  An orc wizard (Orc:2)
  A sheep (D:15)
  An orc (D:9)
  22 bushes (D:6)
  25 fungi
  20 plants
  20 spectral weapons
94 creatures vanquished.

Grand Total: 1150 creatures vanquished

Notes
Turn   | Place    | Note
-------+----------+-------------------------------------------
     0 | D:1      | Gagarin the High Elf Skald began the quest for the Orb.
     0 | D:1      | Reached XP level 1. HP: 14/14 MP: 4/4
   301 | D:1      | Reached XP level 2. HP: 19/19 MP: 6/6
   377 | D:1      | Learned a level 2 spell: Shroud of Golubria
   445 | D:1      | Reached skill level 1 in Armour
  1100 | D:1      | Reached XP level 3. HP: 20/24 MP: 5/8
  1464 | D:2      | Learned a level 3 spell: Spectral Weapon
  2086 | D:2      | Reached skill level 1 in Translocations
  2243 | D:2      | Found a runed door.
  2282 | D:2      | Found a glowing golden altar of the Shining One.
  2309 | D:2      | Reached XP level 4. HP: 23/30 MP: 9/9
  2331 | D:2      | Became a worshipper of the Shining One
  2351 | D:2      | Noticed Natasha
  2359 | D:2      | Killed Natasha
  2554 | D:2      | Reached skill level 3 in Long Blades
  2555 | D:2      | Noticed Ijyb
  2567 | D:2      | Killed Ijyb
  3059 | D:2      | Reached XP level 5. HP: 36/36 MP: 7/10
  3145 | D:2      | Noticed Crazy Yiuf
  3156 | D:2      | Killed Crazy Yiuf
  3321 | D:3      | Reached skill level 1 in Hexes
  3463 | D:3      | Found a glowing drain.
  3471 | Sewer    | Entered a sewer
  3509 | Sewer    | Reached * piety under the Shining One
  3558 | Sewer    | Reached XP level 6. HP: 42/42 MP: 8/11
  3639 | Sewer    | Reached skill level 4 in Long Blades
  3673 | Sewer    | Learned a level 2 spell: Song of Slaying
  4224 | D:3      | Reached XP level 7. HP: 42/46 MP: 7/13
  4276 | D:3      | Found a snail-covered altar of Cheibriados.
  4300 | D:3      | Found a burning altar of Makhleb.
  4301 | D:3      | Noticed an Executioner
  4302 | D:3      | Found a glowing silver altar of Zin.
  4302 | D:3      | Noticed an angel
  4505 | D:4      | Got a slimy ivory ring
  4703 | D:4      | Found a blossoming altar of Fedhas.
  4773 | D:4      | Identified the ring of Obboy {Str+6 Slay+4 Stlth+} (You found it on level 4 of the Dungeon)
  4902 | D:4      | Reached skill level 1 in Shields
  5068 | D:5      | Entered Level 5 of the Dungeon
  5166 | D:5      | Reached ** piety under the Shining One
  5182 | D:5      | Reached skill level 5 in Long Blades
  5463 | D:5      | Found Hituppah's Gadget Shop.
  5644 | D:6      | Noticed Fenrir042's ghost (novice GrWz)
  5670 | D:6      | Killed Fenrir042's ghost
  5670 | D:6      | Reached skill level 5 in Dodging
  5670 | D:6      | Reached skill level 5 in Charms
  5670 | D:6      | Reached XP level 8. HP: 31/54 MP: 7/15
  5828 | D:6      | The Shining One protects you from harm!
  6393 | D:6      | Got an ichor-stained short sword
  6394 | D:6      | Identified the +7 short sword of the Mosquito {freeze, rF+ rC- Int+8 Stlth+} (You found it on level 6 of the Dungeon)
  6456 | D:6      | Learned a level 1 spell: Flame Tongue
  6666 | D:6      | Reached skill level 6 in Long Blades
  6692 | D:6      | Reached skill level 1 in Fire Magic
  6701 | D:6      | Reached skill level 1 in Conjurations
  6752 | D:6      | Found Yreduov's Armour Emporium.
  6760 | D:6      | Reached skill level 5 in Spellcasting
  6821 | D:6      | Found a glowing golden altar of the Shining One.
  6825 | D:6      | Found an ancient bone altar of Kikubaaqudgha.
  6909 | D:6      | Found a white marble altar of Elyvilon.
  7227 | D:7      | Reached *** piety under the Shining One
  7231 | D:7      | Found a staircase to the Ecumenical Temple.
  7248 | D:7      | Found a shattered altar of Ashenzari.
  7360 | D:7      | Noticed Joseph
  7389 | D:7      | Killed Joseph
  7389 | D:7      | Reached XP level 9. HP: 25/59 MP: 13/18
  7620 | D:7      | Noticed Menkaure
  7629 | D:7      | Killed Menkaure
  7634 | D:7      | Learned a level 3 spell: Conjure Flame
  7705 | D:7      | Found a radiant altar of Vehumet.
  7940 | D:7      | Reached skill level 5 in Fighting
  7987 | D:7      | Noticed Dowan
  8055 | D:7      | Learned a level 2 spell: Throw Flame
  8061 | D:7      | Noticed Duvessa
  8067 | D:7      | Killed Duvessa
  8072 | D:7      | Killed Dowan
  8072 | D:7      | Reached skill level 7 in Long Blades
  8080 | D:7      | Found a hide-covered altar of Uskayaw.
  8396 | D:8      | Reached skill level 1 in Stealth
  8626 | D:8      | Reached **** piety under the Shining One
  8629 | D:8      | Reached XP level 10. HP: 45/66 MP: 21/21
  8909 | D:8      | Found a hazy altar of Hepliaklqana.
  8946 | D:8      | Found an opulent altar of Gozag.
  8949 | D:8      | Found Gyrisuk's Weapon Shop.
  9359 | D:9      | Reached skill level 8 in Long Blades
  9866 | D:9      | Found a stormy altar of Qazlal.
  9890 | D:9      | Found a sacrificial altar of Ru.
  9950 | D:9      | Noticed Erolcha
  9950 | D:9      | Noticed Prince Ribbit
  9963 | D:9      | Killed Erolcha
  9971 | D:9      | Killed Prince Ribbit
 10278 | D:9      | Found a staircase to the Orcish Mines.
 10999 | D:10     | Entered Level 10 of the Dungeon
 11018 | D:10     | Reached skill level 9 in Long Blades
 11023 | D:10     | Reached ***** piety under the Shining One
 11402 | D:10     | Noticed a death knight
 11446 | D:10     | Killed a death knight
 11446 | D:10     | Reached XP level 11. HP: 50/74 MP: 18/23
 11614 | D:10     | Got a dazzling scimitar
 11615 | D:10     | Identified the +6 scimitar of Pedosuf {speed, +Blink Int+5 Dex-5} (You found it on level 10 of the Dungeon)
 11700 | D:10     | Found a staircase to the Lair.
 11709 | Lair:1   | Entered Level 1 of the Lair of Beasts
 13101 | Lair:1   | Reached skill level 10 in Long Blades
 13645 | Lair:2   | Found a labyrinth entrance.
 13716 | Lair:1   | Learned a level 4 spell: Sticky Flame
 13782 | Lab      | Entered a labyrinth
 14615 | Lab      | Noticed a minotaur
 14623 | Lab      | Killed a minotaur
 14631 | Lab      | Identified the Compendium of Good Luck
 15508 | Lair:2   | Reached XP level 12. HP: 81/82 MP: 26/26
 15651 | Lair:2   | Found a staircase to the Shoals.
 15651 | Lair:2   | Noticed a death yak
 15651 | Lair:2   | Noticed a death yak
 15651 | Lair:2   | Noticed a death yak
 15651 | Lair:2   | Noticed a death yak
 15651 | Lair:2   | Noticed a death yak
 15682 | Lair:1   | Killed a death yak
 16316 | Lair:1   | Killed a death yak
 16316 | Lair:1   | Reached skill level 11 in Long Blades
 16504 | Lair:1   | Killed a death yak
 16625 | Lair:1   | Killed a death yak
 16869 | Lair:2   | Killed a death yak
 17632 | Lair:3   | Found a hole to the Spider Nest.
 17688 | Lair:3   | Reached skill level 5 in Translocations
 17962 | Lair:3   | Noticed Gastronok
 17974 | Lair:3   | Killed Gastronok
 17974 | Lair:3   | Reached skill level 10 in Spellcasting
 18374 | Lair:3   | Reached skill level 12 in Long Blades
 18989 | Lair:1   | Learned a level 2 spell: Repel Missiles
 18996 | Lair:1   | Learned a level 6 spell: Haste
 19274 | Lair:4   | Reached XP level 13. HP: 52/90 MP: 24/28
 20283 | Lair:5   | Found a frozen archway.
 20325 | IceCv    | Entered an ice cave
 20764 | IceCv    | Got a faintly glowing dagger
 20814 | Lair:5   | Learned a level 3 spell: Ozocubu's Armour
 20911 | Lair:5   | Noticed Urug
 20931 | Lair:5   | Killed Urug
 21208 | Lair:5   | Identified the +8 dagger "Killer Klown's Bane" {freeze, rC+} (You found it in an ice cave)
 21258 | Lair:5   | Found a staircase to the Slime Pits.
 21258 | Lair:5   | Found a viscous altar of Jiyva.
 21352 | Lair:5   | Reached skill level 13 in Long Blades
 21995 | Lair:6   | Entered Level 6 of the Lair of Beasts
 22336 | D:8      | Bought a +4 triple sword of holy wrath for 560 gold pieces
 22492 | D:10     | Reached skill level 5 in Armour
 22964 | D:10     | Reached skill level 10 in Charms
 22966 | D:10     | Reached skill level 10 in Dodging
 24151 | Lair:6   | Reached XP level 14. HP: 83/98 MP: 23/30
 24217 | Lair:6   | Reached skill level 10 in Fighting
 24220 | Lair:6   | Reached skill level 1 in Invocations
 24609 | Lair:6   | Reached skill level 14 in Long Blades
 25171 | Lair:6   | Reached ****** piety under the Shining One
 26037 | Orc:1    | Entered Level 1 of the Orcish Mines
 26215 | Orc:1    | Noticed Nergalle
 26221 | Orc:1    | Killed Nergalle
 26843 | Orc:2    | Entered Level 2 of the Orcish Mines
 26843 | Orc:2    | Found a staircase to the Elven Halls.
 26843 | Orc:2    | Noticed Rupert
 26851 | Orc:2    | Killed Rupert
 27113 | Orc:2    | Noticed Maurice
 27476 | Orc:2    | Killed Maurice
 27742 | Orc:2    | Found Argholue's Book Emporium.
 27742 | Orc:2    | Found Pipoin's Assorted Antiques.
 27742 | Orc:2    | Found Wucka's Distillery.
 27746 | Orc:2    | Found Houd's Armour Emporium.
 27751 | Orc:2    | Bought a potion of heal wounds for 120 gold pieces
 27753 | Orc:2    | Bought a potion of heal wounds for 75 gold pieces
 27753 | Orc:2    | Bought a potion of heal wounds for 75 gold pieces
 27753 | Orc:2    | Bought a potion of heal wounds for 75 gold pieces
 27754 | Orc:2    | Bought the +0 mask of the Dragon {MR+ Slay+3 SInv} for 501 gold pieces
 27754 | Orc:2    | Bought the +3 pair of boots of Terror {Dex+3} for 492 gold pieces
 28389 | D:11     | Found an opulent altar of Gozag.
 28682 | D:5      | Bought a wand of teleportation (3/9) for 315 gold pieces
 28985 | D:12     | Reached skill level 15 in Long Blades
 29077 | D:12     | Noticed Snorg
 29086 | D:12     | Killed Snorg
 29119 | D:12     | Noticed Nessos
 29267 | D:12     | Noticed Psyche
 29271 | D:12     | Killed Psyche
 29459 | D:12     | Reached XP level 15. HP: 106/106 MP: 32/32
 29462 | D:12     | Noticed Azrael
 29466 | D:12     | Killed Azrael
 29761 | D:12     | Killed Nessos
 31188 | D:14     | Found a gate to the Vaults.
 31413 | D:14     | Found Gakouro's Distillery.
 31420 | D:14     | Bought a potion of berserk rage for 95 gold pieces
 31875 | D:15     | Entered Level 15 of the Dungeon
 32356 | D:15     | Reached skill level 16 in Long Blades
 32358 | D:15     | Found a staircase to the Depths.
 32363 | D:15     | Reached skill level 5 in Invocations
 32902 | Shoals:1 | Entered Level 1 of the Shoals
 33338 | Shoals:1 | Noticed Louise
 33354 | Shoals:1 | Killed Louise
 33954 | Shoals:1 | Reached XP level 16. HP: 113/113 MP: 26/33
 34023 | Shoals:2 | You fall through a shaft!
 37061 | Shoals:3 | Learned a level 1 spell: Corona
 37495 | Shoals:4 | Entered Level 4 of the Shoals
 37514 | Shoals:4 | HP: 1/114 [snapping turtle (17)]
 37514 | Shoals:4 | Demolished by a merfolk

Vault maps used:
D:1:      dpeg_arrival_court
D:2:      tso_altar, uniq_natasha, uniq_crazy_yiuf_cottage, uniq_iyjb
D:3:      grunt_temple_overflow_order_and_chaos_2, cheibriados_altar_1,
          serial_bayou, serial_bayou_pond_d, serial_bayou_pond_b,
          serial_bayou_pond_a, serial_bayou_pond_b, lightli_sewer_entry_pipes
D:4:      kennysheep_mini
D:5:      serial_shops, shop, first_bread
D:6:      nicolae_overflow_hidden_temple, serial_shops, shop, minivault_4,
          minmay_hedge_maze
D:7:      cheibrodos_ashenzari_chains, eat_drink_and_be_merry_uskayaw,
          overflow_temple_1_default, grunt_ministairs_4, uniq_duvessa,
          uniq_joseph, uniq_menkaure
D:8:      lemuel_doored_altar, overflow_temple_1_default, serial_shops, shop
D:9:      hangedman_ru_absence, hiddenorc1_lemuel, grunt_livestock,
          grunt_qazlal_sundering, uniq_erolcha, uniq_prince_ribbit1
D:10:     hangedman_cross_cluster
D:11:     nicolae_gozag_seed_capital
D:12:     feat_on_display, uniq_azrael, uniq_snorg, uniq_psyche, uniq_nessos
D:14:     erik_vaults_1, serial_shops, shop
D:15:     gammafunk_depths_entry_grave, roderic_lattice_octagonal_star
Lair:1:   grunt_forest_large_clearing_hut, lemuel_fruit_tree,
          infiniplex_staircase_pool_2
Lair:2:   minmay_shoals_entry_hut, lab_entry_generic
Lair:3:   spider_nest_entry_rubble, beast_lair_carwin_8, lemuel_fruit_fields,
          uniq_gastronok
Lair:4:   pond, grunt_megastairs_3
Lair:5:   slime_altar_1, portal_ice_cave_entry_animals_and_master, uniq_urug
Lair:6:   minmay_lair_end_enchanted_forest, lemuel_fruit_fields
Shoals:1: argonaut_gorgonesque, uniq_louise
Shoals:2: ldierk_geyser, st_shoals_ruin
Shoals:3: serial_shops, bzr_firewalk
Shoals:4: shoals_end_grunt_ice, shoals_ilsuiw_ice, nicolae_shoals_undead_eyrie
Orc:1:    uniq_nergalle
Orc:2:    st_orc_mages, uniq_rupert, uniq_maurice
Lab:      nicolae_lab_dead_adventurers
Sewer:    sewer_minmay_treatment
IceCv:    ice_cave_statue_garden_chambered

Skill      XL: |  1  2  3  4  5  6  7  8  9 10 11 12 13 14 15 16 |
---------------+-------------------------------------------------+-----
Charms         | 4 5 6 7 8 9 10 11 | 11.6
Armour         | 1 2 3 4 5 |  5.5
Translocations | 1 2 3 4 5 6 7 |  7.0
Spellcasting   | 3 4 5 6 7 9 10 11 12 13 | 13.3
Dodging        | 2 3 4 5 6 7 8 9 10 11 12 | 12.6
Long Blades    | 3 4 5 6 7 9 10 12 13 15 16 | 16.7
Hexes          | 1 2 3 4 |  4.1
Fighting       | 3 4 5 6 7 9 11 | 11.9
Shields        | 1 2 3 |  3.4
Fire Magic     | 1 2 3 4 |  4.5
Conjurations   | 1 2 3 4 |  4.3
Stealth        | 1 2 3 4 |  4.7
Invocations    | 2 6 7 |  7.4
Short Blades   | |  0.2
Ice Magic      | |  0.6

Action                   |  1- 3 |  4- 6 |  7- 9 | 10-12 | 13-15 | 16-18 || total
-------------------------+-------+-------+-------+-------+-------+-------++-------
Melee: Falchion          |   118 |       |       |       |       |       ||   118
       Long sword        |    72 |   236 |   199 |       |       |       ||   507
       Great sword       |       |       |   149 |   537 |   235 |       ||   921
       Scimitar          |       |       |       |    56 |       |       ||    56
       Triple sword      |       |       |       |       |   918 |   180 ||  1098
       Dagger            |       |       |       |       |    10 |       ||    10
 Cast: Infusion          |     1 |       |     5 |    10 |     1 |       ||    17
       Shroud of Golubri |     9 |    18 |    31 |    57 |    96 |    29 ||   240
       Spectral Weapon   |     2 |     8 |    13 |    22 |    28 |     8 ||    81
       Song of Slaying   |       |     3 |     8 |    16 |    37 |       ||    64
       Flame Tongue      |       |       |    29 |    11 |    63 |    25 ||   128
       Throw Flame       |       |       |    13 |    23 |    51 |    52 ||   139
       Ozocubu's Armour  |       |       |       |       |    10 |       ||    10
       Conjure Flame     |       |       |       |       |     4 |       ||     4
       Haste             |       |       |       |       |     3 |       ||     3
       Repel Missiles    |       |       |       |       |     4 |     3 ||     7
       Sticky Flame      |       |       |       |       |     1 |     2 ||     3
       Corona            |       |       |       |       |       |     5 ||     5
Invok: Divine Shield     |       |       |       |     2 |     1 |       ||     3
Evoke: Wand              |       |       |       |       |     1 |       ||     1
  Use: Potion            |       |       |     7 |     2 |     3 |     5 ||    17
       Scroll            |       |       |     2 |    13 |    22 |     2 ||    39
 Stab: Sleeping          |     1 |       |     1 |     3 |     4 |       ||     9
  Eat: Chunk             |     6 |     8 |    17 |    31 |    44 |    12 ||   118
       Pizza             |       |       |       |     2 |       |       ||     2
       Beef jerky        |       |       |       |       |     1 |     1 ||     2
       Bread ration      |       |       |       |       |     1 |       ||     1
Armor: Leather armour    |    46 |    48 |    56 |    92 |   190 |    39 ||   471
       Skin              |       |       |       |       |     3 |       ||     3
Dodge: Dodged            |   125 |   157 |   171 |   303 |   783 |   190 ||  1729
       Deflected         |       |       |       |       |    14 |     8 ||    22
Block: Buckler           |       |     4 |    56 |    28 |       |       ||    88
       Other             |       |       |     7 |    67 |   147 |    38 ||   259
       Reflection        |       |       |       |     3 |     5 |     2 ||    10
